Map: Ley Lines

Players

KimChiStew - Winner!

  • Race: Terran Terran
  • League: Master
  • Spawn Location: 1:00

A.I. 1 (Elite)

  • Race: Terran Terran
  • Spawn Location: 7:00

VOD

Have the link to the VOD?

Description

Time

  • Played on: Oct. 31, 2025, 10:53 p.m.
  • Length: 8:52
Show
View Real Time Build Order
Export as new Build Order

KimChiStew Terran - Winner!

Build Orders:  

Get SALT Encoding   

  12  0:00  SCV  
  13  0:15  SCV  
  13  0:18  Supply Depot  
  14  0:27  SCV  
  15  0:39  SCV  
  15  0:41  Barracks  
  16  0:44  Refinery  
  16  0:52  SCV  
  17  0:59  Refinery  
  17  1:04  SCV  
  18  1:16  SCV  
  19  1:28  Orbital Command  
  19  1:29  Reaper  
  19  1:32  Supply Depot  
  20  1:47  Factory  
  20  1:58  SCV  
  21  2:01  Reaper  
  22  2:10  SCV  
  23  2:20  Command Center  
  23  2:24  SCV  
  24  2:32  Hellion  
  24  2:36  SCV  
  24  2:37  Barracks Reactor  
  27  2:42  Starport  
  27  3:02  Factory Tech Lab  
  27  3:07  SCV  
  27  3:09  Supply Depot  
  28  3:19  SCV  
  31  3:20  Starport Tech Lab  
  29  3:29  Marine x2  
  29  3:31  Cyclone  
  34  3:35  Orbital Command  
  34  3:37  Refinery  
  34  3:40  Raven  
  34  3:41  Interference Matrix  
  36  3:52  Marine x2  
  36  3:55  SCV  
  39  4:07  SCV x2  
  41  4:10  Supply Depot  
  41  4:12  Siege Tank  
  44  4:19  SCV  
  44  4:21  Raven  
  44  4:22  Marine x2  
  49  4:24  SCV  
  50  4:31  Refinery, SCV  
  50  4:36  SCV  
  52  4:44  SCV  
  51  4:57  SCV  
  52  5:02  Starport  
  52  5:09  SCV x2  
  52  5:10  Factory  
  54  5:15  Siege Tank  
  54  5:16  Viking x2  
  54  5:21  SCV  
  62  5:25  Supply Depot  
  62  5:28  Supply Depot  
  62  5:33  Supply Depot  
  62  5:44  Supply Depot  
  62  5:46  Marine, Viking  
  62  5:47  SCV x2  
  62  5:49  Siege Tank  
  70  5:50  Viking x2  
  74  5:59  SCV x2  
  74  6:00  Siege Tank  
  79  6:04  Marine  
  79  6:11  SCV x2  
  82  6:14  Supply Depot  
  82  6:15  Supply Depot  
  82  6:19  Viking  
  82  6:21  Viking  
  82  6:22  Marine  
  82  6:23  SCV x2  
  89  6:25  Viking  
  86  6:35  SCV x2  
  88  6:47  SCV  
  88  6:54  Siege Tank x2  
  92  6:55  Viking  
  92  6:56  Viking  
  99  7:02  Marine  
  100  7:17  Liberator  
  100  7:20  Marine  
  100  7:21  Command Center  
  104  7:25  Liberator  
  104  7:38  Marine  
  97  7:49  Siege Tank  
  97  7:50  Siege Tank  
Show
View Real Time Build Order
Export as new Build Order

A.I. 1 (Elite) Terran 

Build Orders:  

Get SALT Encoding   

  12  0:00  SCV  
  13  0:13  SCV  
  14  0:18  Supply Depot  
  14  0:25  SCV  
  15  0:29  Refinery  
  15  0:40  SCV  
  16  0:47  Barracks  
  16  0:52  SCV  
  17  1:04  SCV  
  18  1:16  SCV  
  19  1:34  Marine  
  19  1:36  Orbital Command, Supply Depot  
  19  1:38  Factory  
  20  1:48  Barracks  
  20  1:51  Marine  
  21  2:01  SCV  
  22  2:10  Barracks Tech Lab  
  22  2:13  SCV  
  23  2:19  Supply Depot  
  23  2:22  Hellion  
  25  2:29  Concussive Shells  
  25  2:31  Marauder  
  25  2:35  Barracks Tech Lab  
  27  2:43  SCV, Hellion  
  30  2:52  Marauder  
  30  2:54  Marauder  
  30  2:56  Supply Depot, SCV  
  34  3:04  Hellion  
  36  3:14  Marauder  
  36  3:18  Marauder  
  40  3:20  SCV  
  40  3:26  Supply Depot, Hellion  
  42  3:35  Marauder  
  42  3:40  Marauder  
  46  3:46  Refinery  
  46  3:48  SCV  
  47  3:56  Marine  
  47  4:00  Marine  
  49  4:04  Supply Depot  
  49  4:08  SCV  
  50  4:14  Marine  
  51  4:18  Marine  
  51  4:20  SCV  
  53  4:30  Stimpack  
  53  4:32  Marine, SCV, Engineering Bay  
  53  4:37  Marauder  
  57  4:42  Supply Depot  
  56  4:49  Marine  
  55  5:01  Terran Infantry Weapons Level 1  
  55  5:03  Marine  
  55  5:04  Command Center  
  56  5:07  Marine  
  56  5:08  SCV  
  58  5:21  Marine  
  58  5:26  Marauder  
  61  5:33  Engineering Bay  
  61  5:39  Marine  
  61  5:40  Barracks  
  62  5:42  Combat Shield  
  62  5:47  Marine  
  63  5:57  Marine  
  63  5:59  Terran Infantry Armor Level 1  
  63  6:04  Supply Depot  
  64  6:06  Marauder  
  66  6:15  Factory Tech Lab, Marauder  
  68  6:23  SCV  
  69  6:27  Barracks Reactor, SCV  
  68  6:35  SCV  
  68  6:36  Siege Tank  
  68  6:39  SCV  
  73  6:47  SCV  
  73  6:51  SCV  
  75  6:59  SCV  
  75  7:00  Refinery  
  76  7:03  SCV  
  77  7:08  Siege Tank  
  77  7:11  SCV  
  77  7:13  Barracks  
  81  7:15  SCV  
  81  7:17  Command Center  
  82  7:27  SCV  
  83  7:30  Starport  
  83  7:33  Orbital Command  
  67  7:37  Marine  
  67  7:40  Marine  
  67  7:42  Marine  
  46  7:45  Marine  
  44  7:54  SCV  
  44  7:55  Marine  
  44  7:58  Marine  
  46  8:00  Marine  
  46  8:03  Marine, Marauder  
  39  8:13  Marine  
  39  8:16  Marine  
Tags
 
League
Master
Matchup
TvT
Race
Terran
Spawn Locations
Cross Positions
Add a new tag
Caveats
  • Supply blocks, unpowered buildings, or Contaminate may cause inaccurate times.
  • Supply counts are checked every 10 seconds.